 Dungeon Crawl Stone Soup version 0.23.2-1-ga50397a (webtiles) character file.

Game seed: 8709813294246413386

198 troglodite the Skirmisher (level 5, -3/43 HPs)
             Began as a Demonspawn Berserker on May 22, 2019.
             Was a Priest of Trog.
             Slain by a worm (6 damage)
             ... on level 3 of the Dungeon.
             The game lasted 00:04:53 (2233 turns).

troglodite the Skirmisher (Demonspawn Berserker)    Turns: 2233, Time: 00:04:54

Health: -3/43      AC: 10    Str: 17    XL:     5   Next: 47%
Magic:  5/5        EV:  8    Int:  9    God:    Trog [***...]
Gold:   98         SH:  0    Dex: 13    Spells: 4/4 levels left

rFire    . . .     SeeInvis .   a - +0 falchion
rCold    + . .     Gourm    .   (no shield)
rNeg     . . .     Faith    .   q - +0 chain mail
rPois    .         Spirit   .   (helmet restricted)
rElec    .         Reflect  .   (no cloak)
rCorr    .         Harm     .   p - +0 pair of gloves
MR       .....                  (no boots)
Stlth    ..........             n - amulet of magic regeneration
HPRegen  0.14/turn              l - ring of protection from cold
MPRegen  0.34/turn              (no ring)

@: berserk cooldown, starving, slowed, very slow
A: antennae 2
a: Berserk, Trog's Hand, Renounce Religion


You were on level 3 of the Dungeon.
You worshipped Trog.
Trog was most pleased with you.
You were starving.

You visited 1 branch of the dungeon, and saw 3 of its levels.

You collected 98 gold pieces.

Inventory:

Hand Weapons
 a - a +0 falchion (weapon)
Armour
 p - a +0 pair of gloves (worn)
 q - a +0 chain mail (worn)
Jewellery
 b - an uncursed ring of ice
 l - a ring of protection from cold (left hand)
 n - an amulet of magic regeneration (around neck)
Scrolls
 e - a scroll of amnesia {unknown}
 f - a scroll of blinking {unknown}
 g - a scroll of identify {unknown}
 h - a scroll of fear {unknown}
 i - a scroll of remove curse {unknown}
 k - a scroll of teleportation {unknown}
Potions
 d - 4 potions of lignification {unknown}
 j - a potion of mutation {unknown}
 o - 2 potions of invisibility
Comestibles
 c - 6 rations
 m - 11 chunks of flesh


   Skills:
 * Level 4.4 Fighting
 + Level 3.7 Long Blades
 * Level 2.6 Armour
 * Level 2.6 Dodging
 + Level 0.9 Stealth


You had 4 spell levels left.
You didn't know any spells.
Your spell library was empty.

Dungeon Overview and Level Annotations

Branches:
Dungeon (3/15)

Altars:
Dithmenos


Innate Abilities, Weirdness & Mutations

You have a pair of antennae on your head.


Message History

The orc priest looks encouraged for a moment.
You closely miss the orc priest.
The orc priest is moderately wounded.
The orc priest barely misses you.
You riposte.
You hit the orc priest but do no damage.
The orc priest is moderately wounded.
The worm bites you but does no damage.
Unknown command.
You hit the orc priest.
The orc priest is moderately wounded.
The orc priest barely misses you. The worm bites you.
* * * LOW HITPOINT WARNING * * *
The orc priest closely misses you.
You riposte.
You hit the orc priest but do no damage.
The orc priest is moderately wounded.
You hit the orc priest but do no damage.
The orc priest is moderately wounded.
The orc priest hits you but does no damage.
The worm bites you.
You die...

.# #§# #.# .# ##.##§§§
.####....#§# o#
.......###.# o#
.#<.......÷# .#
.#.##..###.########.####.
..)........#.............
##)##.###....####........
##)##.##.......)@o..#
.).).........####w..#
##.##........# #####
#.#.####.#.#.#
.###..%......# #.#
.......### ##.######.## #
## #. #


You could see a worm and an orc priest.

Vanquished Creatures
  An orc priest (D:3)
  2 orc wizards (D:3)
  Terence (D:2)
  2 adders (D:2)
  2 worms (D:2)
  A dart slug (D:1)
  2 leopard geckos
  9 orcs (D:3)
  3 bats
  4 giant cockroaches
  8 goblins
  5 hobgoblins
  5 kobolds
  A quokka (D:3)
  A ball python (D:1)
  7 frilled lizards
  10 rats
64 creatures vanquished.

Notes
Turn   | Place    | Note
-------+----------+-------------------------------------------
     0 | D:1      | troglodite the Demonspawn Berserker began the quest for the
                  | Orb.
     0 | D:1      | Reached XP level 1. HP: 18/18 MP: 1/1
    40 | D:1      | Gained mutation: You have a pair of small antennae on your
                  | head. [demonic ancestry]
    40 | D:1      | Reached XP level 2. HP: 16/24 MP: 2/2
   393 | D:1      | Reached ** piety under Trog
   604 | D:1      | Gained mutation: You have a pair of antennae on your head.
                  | [demonic ancestry]
   604 | D:1      | Reached XP level 3. HP: 28/29 MP: 3/3
   831 | D:2      | Noticed Terence
   839 | D:2      | Killed Terence
   843 | D:2      | Reached XP level 4. HP: 24/37 MP: 4/4
  2120 | D:3      | Reached skill level 4 in Fighting
  2120 | D:3      | Reached XP level 5. HP: 42/42 MP: 5/5
  2180 | D:3      | Found a shadowy altar of Dithmenos.
  2215 | D:3      | Reached *** piety under Trog
  2232 | D:3      | HP: 2/43 [worm (1)]
  2233 | D:3      | Slain by a worm

Skill      XL: |  1  2  3  4 |
---------------+-------------+-----
Long Blades    | 3 |  3.7
Dodging        | 2 |  2.6
Armour         | 2 |  2.6
Fighting       | 4 |  4.4
Stealth        | |  0.9

Action                   |  1- 3 |  4- 6 || total
-------------------------+-------+-------++-------
Melee: Falchion          |    81 |   140 ||   221
Invok: Berserk           |     1 |     3 ||     4
 Stab: Sleeping          |     4 |       ||     4
  Eat: Chunk             |       |     6 ||     6
Armor: Animal skin       |     9 |       ||     9
       Scale mail        |     1 |    35 ||    36
       Chain mail        |       |    41 ||    41
Dodge: Dodged            |    48 |    54 ||   102
       Rpst.: Falchion   |    12 |    21 ||    33
